[Event "4NCL 2023-2024"]
[Site "Daventry"]
[Date "2024.05.04"]
[Round "9.1"]
[White "Jones, Gawain C B"]
[Black "Adams, Michael"]
[Result "1-0"]
[ECO "E08"]
[WhiteElo "2620"]
[BlackElo "2677"]
[Annotator "TA"]
[PlyCount "131"]
[EventDate "2023.11.11"]
[EventType "team-tourn"]
[EventCountry "ENG"]
[SourceTitle "playchess.com"]
[Source "ChessBase"]
[SourceQuality "1"]
[TimeControl "40/6000+30:3000+30"]

1. c4 Nf6 2. Nf3 e6 3. g3 d5 4. Bg2 Be7 5. O-O O-O 6. d4 c6 7. b3 b6 8. Bb2 Nbd7 9. Qc2 a5 10. a3 $5 {[%emt 0:03:20][%mdl 4] Leaves trodden paths. E08: Closed Catalan: Main Line: 7 Qc2.} Ba6 11. Nbd2 Rc8 12. Rfe1 c5 13. e4 $146 ({Predecessor:} 13. e3 dxc4 14. bxc4 cxd4 15. exd4 Bxc4 16. Rac1 Bd5 17. Qxc8 Qxc8 18. Rxc8 Rxc8 19. Rc1 {0-1 Janas,P (1756)-Vegh,V (1932) SVK-chT3A2 1213 2012 (4.4)}) 13... dxe4 14. Nxe4 a4 15. d5 exd5 16. cxd5 Nxe4 17. Qxe4 Bf6 18. Bxf6 Nxf6 19. Qxa4 Ra8 20. Ne5 Bf1 21. Nc6 Rxa4 22. Nxd8 Bxg2 23. Nc6 Raa8 24. Ne7+ Kh8 25. Kxg2 Rfd8 26. Rad1 Rd6 (26... Rxa3 $2 27. d6 g6 (27... Rxb3 $2 28. Nc6 $18) 28. Nc6 $18) 27. Nf5 Rxd5 28. Rxd5 Nxd5 29. Nd6 Kg8 30. a4 Kf8 31. Nc4 Rb8 32. Rd1 Rd8 33. Kf3 (33. Nxb6 Nf4+ (33... Ne3+ $2 34. fxe3 Rxd1 35. a5 $19) 34. gxf4 Rxd1 $19) 33... Ke7 34. g4 $1 g5 35. Re1+ Kf6 36. Rd1 (36. Kg3 $14) 36... Rd7 (36... Ke7 $1 $11) 37. Rd2 h6 $2 (37... Ke7 $1 $14) 38. Rd1 $2 (38. Ne3 $1 $18 {is the precise move to win.} Ke6 39. Nxd5 Rxd5 40. Rxd5 Kxd5 41. Ke3) 38... Ke7 39. Re1+ Kf8 40. Rd1 Ke7 41. Kg3 Ke6 42. Re1+ Kf6 43. h4 Rd8 (43... Re7 $11 44. Rd1 Ke6) 44. Rd1 $1 $18 Ke7 45. h5 Rd7 46. Kf3 Ke6 47. Re1+ Kf6 48. Rd1 $2 (48. Re8 $18) 48... Ke7 $2 (48... Ke6 $11) 49. Rd2 Rd8 50. Re2+ (50. Ne3 $18 Nxe3 51. Rxd8 (51. Kxe3 Rf8 $11) 51... Kxd8 52. Kxe3 (52. fxe3 $2 {too greedy.} Kd7 $19)) 50... Kf6 $16 51. Re1 (51. Re4 $16) 51... Rb8 (51... Rd7 $1 $11) 52. Nd6 $16 Nc7 53. Nf5 Ne6 54. Rd1 $1 (54. Nxh6 Nd4+ 55. Kg2 Rh8 $11) 54... b5 {[%emt 0:05:03] [#]} 55. a5 $1 (55. Nxh6 Nd4+ 56. Kg3 Rh8 $11) 55... Ra8 {[%emt 0:02:25] [#]} 56. Ra1 $1 Ke5 57. Ke3 $2 (57. Kg3 $16) 57... Ra6 $1 $11 58. f3 Nd8 (58... b4 $11 {keeps the balance.}) 59. Nxh6 $16 Rxh6 60. a6 Nc6 $2 (60... Ne6 $16) 61. a7 $18 Nxa7 62. Rxa7 Rf6 63. Ra8 $2 (63. Rb7 $18 {has better winning chances.} b4 64. Rd7) 63... c4 $2 (63... Re6 $16) 64. bxc4 $18 bxc4 65. Ra5+ Kd6 66. Ra6+ 1-0

[Event "4NCL 2023-2024"]
[Site "Daventry"]
[Date "2024.05.04"]
[Round "9.2"]
[White "Harvey, Marcus R"]
[Black "Rowson, Jonathan"]
[Result "1/2-1/2"]
[ECO "A25"]
[WhiteElo "2484"]
[BlackElo "2527"]
[Annotator "TA"]
[PlyCount "118"]
[EventDate "2023.11.11"]
[EventType "team-tourn"]
[EventCountry "ENG"]
[SourceTitle "playchess.com"]
[Source "ChessBase"]
[SourceQuality "1"]
[TimeControl "40/6000+30:3000+30"]

1. c4 e5 2. Nc3 Nc6 3. g3 g6 4. h4 h6 5. Bg2 d6 6. Rb1 Bg7 7. b4 a6 8. d3 {[%emt 0:07:10] The position is equal.} f5 9. Bd2 Nf6 10. Qc1 Be6 11. Nd5 Bf7 12. Nxf6+ Qxf6 13. e3 {[%emt 0:00:02] [#]} e4 $1 14. d4 {[%emt 0:03:56][%cal Bd3d4,Bd4d5][%mdl 32] Wards off Ne5} (14. dxe4 Ne5) 14... Ne7 15. d5 g5 16. h5 (16. Ne2 $11) 16... Ng8 17. Ne2 {[%emt 0:03:29] Strongly threatening Bc3.} Qe7 18. g4 fxg4 19. Ng3 Be5 20. Bc3 Nf6 21. Qb2 Nd7 22. Rc1 (22. O-O $15) 22... O-O 23. Bxe5 Nxe5 24. Bxe4 Qf6 25. Qd2 Be8 26. O-O Bd7 27. Qd4 a5 28. b5 b6 29. Kh1 Rae8 30. Rc2 Re7 31. Rg1 Ref7 32. Rg2 Qg7 33. Rh2 Bc8 (33... Rf6 $142 34. Qc3 Qf7) 34. Kg2 (34. Qc3 $142) 34... Re7 (34... Rf6 $1 $17 35. Qd1 Qf7) 35. Kf1 Rf6 36. Ke2 Qf8 37. Kd1 Ref7 $1 38. Qd2 {[%emt 0:01:23] [#]} Rf3 $1 {[%emt 0:04:40][%cal Of3g3][%mdl 512] ...Rxg3! is the strong threat.} 39. Rg2 {[%emt 0:01:12] [#]} Re7 40. Kc1 $15 Rf6 41. Qd4 Ref7 42. Qd2 Qe7 43. Qd4 Bd7 44. Kd1 Qf8 45. Qd2 Be8 46. Ke1 Re7 {[%emt 0:00:00][%cal Of6f4] And now ...Rf4! would win.} 47. Kf1 Nd7 48. Qd4 $1 Ne5 (48... Nc5 $15 49. Kg1 Nd7) 49. Rc1 (49. Qd2 $1 $11) 49... Bd7 50. Rc2 ({White should try} 50. Qd2 $15) 50... Ref7 51. Rb2 Qe7 52. Rc2 ({White should play} 52. Qc3 $1 $15) 52... Kf8 (52... Rf8 $142 53. Qc3 Kf7) 53. Rb2 Ke8 54. Rc2 Kd8 55. Rb2 Rf8 56. Rc2 (56. Qc3 $17) 56... Be8 (56... Qf7 $19 {[%cal Od7f5] Threatens to win with ...Bf5!} 57. Qc3 Qe8) 57. Bd3 (57. Qc3 $17 {might work better.}) 57... Bd7 58. Be4 $1 Bc8 (58... Kc8 $142 59. Qc3 Kb8) 59. Rb2 $17 Bd7 {[%emt 0:00:00] Weighted Error Value: White=0.20 (precise) /Black=0.24 (precise) .  Mistake:       	White=8     	Black=8      Inaccurate:     	White=7     	Black=7      OK:         	White=18    	Black=18     Best:        	White=1     	Black=2      Strong:       	White=2     	Black=1} ({Better is} 59... R6f7 $17 60. a4 Bd7) 1/2-1/2

[Event "4NCL 2023-2024"]
[Site "Daventry"]
[Date "2024.05.04"]
[Round "9.3"]
[White "Alsina Leal, Daniel"]
[Black "Wadsworth, Matthew J"]
[Result "1/2-1/2"]
[ECO "C02"]
[WhiteElo "2510"]
[BlackElo "2470"]
[Annotator "TA"]
[PlyCount "136"]
[EventDate "2023.11.11"]
[EventType "team-tourn"]
[EventCountry "ENG"]
[SourceTitle "playchess.com"]
[Source "ChessBase"]
[SourceQuality "1"]
[TimeControl "40/6000+30:3000+30"]

1. e4 e6 2. d4 d5 3. e5 c5 4. c3 Nc6 5. Nf3 Qb6 6. Bd3 cxd4 7. O-O $1 {[%emt 0:00:21][%mdl 4] outshines the older 7.cxd4. C02: French: Advance Variation.} Bd7 8. Re1 h6 9. Nbd2 Nge7 10. Nb3 dxc3 11. bxc3 Nf5 $146 ({Predecessor:} 11... Na5 12. Be3 Qc7 13. Nxa5 Qxa5 14. Rb1 b5 15. Qe2 a6 16. a4 Nc6 17. axb5 axb5 18. Rxb5 {½-½ Acs,P (2560)-Torma,R (2429) HUN-chT 2122 2021 (4.4)}) 12. Rb1 Qc7 13. Bxf5 exf5 14. Nbd4 Be6 15. Qb3 Be7 16. Ba3 O-O 17. Bxe7 Qxe7 18. Qxb7 Qxb7 19. Rxb7 Rfc8 20. Nxe6 fxe6 21. Reb1 Nd8 22. Rd7 Rxc3 23. h4 g6 24. a4 Rac8 25. Rxa7 Rc1+ 26. Rxc1 Rxc1+ 27. Kh2 Nc6 28. Ra8+ (28. Rc7 $5 Rc4 $8 29. a5 Nxa5 30. Re7 $15) 28... Kg7 29. a5 Rc4 $1 30. a6 Ra4 31. g3 d4 32. Rc8 Rxa6 33. Rc7+ Kf8 34. Rd7 $1 Ra5 35. Nxd4 Nxd4 36. Rxd4 Rxe5 37. Rd7 Rd5 38. Ra7 e5 39. f3 h5 40. Kg2 Rd6 41. Kf2 Re6 42. Rb7 Re7 43. Rb6 Kf7 44. Ra6 Re6 45. Ra7+ Kf6 46. Ra8 Rb6 47. Re8 Ra6 48. Rf8+ Ke7 49. Rg8 Kf7 50. Rb8 Ra2+ 51. Kf1 Ra6 52. Kf2 Ke7 53. Rg8 $1 Ra2+ 54. Kf1 Kf6 55. Rf8+ Ke6 56. Rg8 Kf7 57. Rb8 $1 Rd2 58. Rb6 Rd4 59. Kf2 Rd2+ 60. Kf1 Rd4 61. Kf2 $1 f4 62. gxf4 Rxf4 63. Kg3 Rf6 64. Rb4 Re6 65. Re4 Kf6 66. f4 Kf5 67. Kf3 Re8 68. Rxe5+ Rxe5 1/2-1/2

[Event "4NCL 2023-2024"]
[Site "Daventry"]
[Date "2024.05.04"]
[Round "9.4"]
[White "Speelman, Jon S"]
[Black "Palliser, Richard J D"]
[Result "1-0"]
[ECO "A48"]
[WhiteElo "2497"]
[BlackElo "2377"]
[Annotator "RC"]
[PlyCount "79"]
[EventDate "2023.11.11"]
[EventType "team-tourn"]
[EventCountry "ENG"]
[SourceTitle "playchess.com"]
[Source "ChessBase"]
[SourceQuality "1"]
[TimeControl "40/6000+30:3000+30"]

1. d4 Nf6 2. Nf3 g6 3. Bf4 Bg7 4. e3 d6 5. h3 O-O 6. Nbd2 Nbd7 7. Be2 b6 8. O-O Bb7 9. a4 a5 10. c3 Re8 11. Bh2 e5 12. Nc4 Ne4 13. Re1 Qe7 14. Bf1 f5 15. Qc2 g5 16. Nfd2 Nxd2 17. Qxd2 Qf7 18. Na3 e4 19. Nb5 Nf6 20. c4 Rad8 21. c5 dxc5 22. Bxc7 cxd4 23. Bxd8 Rxd8 24. Nxd4 g4 25. Rac1 gxh3 26. Bc4 Nd5 27. g3 Kh8 28. Ne2 Qh5 29. Kh2 Bf6 30. Bxd5 Rxd5 31. Nf4 Rxd2 32. Nxh5 Rxf2+ 33. Kxh3 Be5 34. Red1 Kg8 35. Rd8+ Kf7 36. Rd7+ Kg6 37. Nf4+ Bxf4 38. gxf4 Ba6 39. Rc6+ Kh5 40. Rxh7# 1-0

[Event "4NCL 2023-2024"]
[Site "Daventry"]
[Date "2024.05.04"]
[Round "9.5"]
[White "Camacho Collados, Jose"]
[Black "Gasanov, Eldar"]
[Result "1-0"]
[ECO "A46"]
[WhiteElo "2366"]
[BlackElo "2475"]
[Annotator "TA"]
[PlyCount "95"]
[EventDate "2023.11.11"]
[EventType "team-tourn"]
[EventCountry "ENG"]
[SourceTitle "playchess.com"]
[Source "ChessBase"]
[SourceQuality "1"]
[TimeControl "40/6000+30:3000+30"]

1. d4 Nf6 2. Nf3 e6 3. Bg5 h6 4. Bh4 d6 5. Nbd2 g5 6. Bg3 {[%emt 0:00:03] A46: 1 d4 Nf6 2 Nf3 e6: Torre, London and Colle Systems.} Nh5 7. e4 Bg7 8. c3 Qe7 9. Bd3 Nd7 10. O-O {[%emt 0:02:00] was the old line (10.Qe2).} O-O 11. Re1 b6 $146 ({Predecessor:} 11... c5 12. Nc4 Nxg3 13. hxg3 cxd4 14. cxd4 b6 15. d5 Ba6 16. dxe6 fxe6 17. Nxd6 Qxd6 18. Bxa6 Qxd1 19. Raxd1 {0-1 Rudolf,M (2328)-Nikolov,M (2533) Zagreb Hulak Memorial op 4th 2019 (9)}) 12. Nf1 c5 13. d5 g4 14. N3d2 Nxg3 15. Nxg3 Ne5 16. Nc4 Nxd3 17. Qxd3 Ba6 18. a4 Qg5 19. a5 Bb5 20. Nf1 exd5 21. exd5 Rae8 22. Rxe8 Rxe8 23. axb6 axb6 24. Nfe3 Qf4 {[%emt 0:02:48][%cal Oe8e3] ...Rxe3! is the strong threat.} 25. Qf5 Qxf5 26. Nxf5 Bxc4 27. Nxd6 Re2 $1 28. Nxc4 b5 29. Kf1 Rc2 30. Ne3 Rxb2 31. Rd1 Kf8 ({Much worse is} 31... Bxc3 32. d6 Bf6 (32... g3 $2 33. d7 $18) 33. Nxg4 $11) 32. d6 Ke8 $1 33. Nd5 {[%emt 0:01:22] [#]} (33. Rd5 $11 {remains equal.}) 33... Kd7 $2 (33... Kd8 $1 $17 {stays on course.} 34. Ra1 Kd7) 34. Nb6+ $16 Kc6 {[%emt 0:00:12][%cal Og7c3] Threatens to win with ...Bxc3!} 35. d7 Bf6 36. Nc8 {[%emt 0:01:06] aiming for Rd6+.} Bd8 {[%emt 0:03:28] [#]} 37. Nd6 $1 Ra2 (37... Kc7 $142) 38. Nxf7 $16 Ra8 (38... Kc7 $16 {was worth a try.} 39. g3 (39. Nxh6 b4 $18) 39... Ra8) 39. Nxh6 $18 b4 40. cxb4 cxb4 41. Nxg4 b3 42. Rb1 Rb8 43. Ne5+ Kd5 $2 (43... Kc7 {was necessary.} 44. Rc1+ Kd6) 44. f4 $18 Bf6 45. Ke2 Ke4 46. g3 b2 47. Nc6 Rh8 48. h4 1-0

[Event "4NCL 2023-2024"]
[Site "Daventry"]
[Date "2024.05.04"]
[Round "9.6"]
[White "Murphy, Conor E"]
[Black "Wall, Tim P"]
[Result "1-0"]
[ECO "B13"]
[WhiteElo "2478"]
[BlackElo "2203"]
[Annotator "TA"]
[PlyCount "83"]
[EventDate "2023.11.11"]
[EventType "team-tourn"]
[EventCountry "ENG"]
[SourceTitle "playchess.com"]
[Source "ChessBase"]
[SourceQuality "1"]
[TimeControl "40/6000+30:3000+30"]

1. e4 c6 2. d4 d5 3. exd5 cxd5 4. Bd3 Nf6 5. c3 Bg4 6. Qb3 Qc7 7. h3 Bh5 8. Ne2 Bg6 9. Bf4 {[%emt 0:05:52] White has an edge.} Qd7 10. Bxg6 hxg6 11. Nd2 Nc6 12. O-O e6 13. Nf3 Be7 14. Nc1 Ne4 15. Nd3 f6 16. Rfe1 g5 17. Bh2 O-O-O 18. c4 Bd6 19. Bxd6 Qxd6 20. Rac1 Kb8 21. cxd5 exd5 22. Nc5 Nxc5 23. dxc5 Qd7 24. Rcd1 d4 {[%emt 0:09:40] ...g4 would now be deadly.} 25. Re4 Qf5 26. Qd3 Qxc5 27. a3 (27. Nxd4 $11 Rxd4 28. Rxd4 Qxd4 29. Qxd4 Nxd4 30. Rxd4) 27... f5 (27... Qd5 $17 28. b4 Rd7) 28. Ree1 $1 $11 g4 29. Ng5 Qd5 30. Qg3+ Kc8 31. hxg4 f4 32. Qxf4 $16 Rdf8 33. Qd2 $40 {[%emt 0:01:19][%mdl 128] White attacks with force. Active counter play!} Qd6 {[%emt 0:00:38] [#] Threatens to win with ...Qh2+.} 34. Nh3 $1 Rh4 35. Qg5 Rfh8 {[%emt 0:00:07] A mistake that costs the game.} (35... Rh6 $16 {might work better.} 36. Re4 (36. Qxg7 Rg6 $16) 36... Rg6) 36. Qxg7 $18 d3 (36... a6 $142 37. Qg5 Kb8) 37. Re3 d2 38. Qc3 Rd8 39. Re2 Qd4 40. Qxd4 ({Not} 40. Qxd2 Qxg4 (40... Rxg4 $2 {loses.} 41. Qxd4 Nxd4 42. Rc1+ Kb8 43. Re3 $18) 41. Qc2 Rdh8 $18 (41... Rxh3 $2 {too greedy.} 42. Rxd8+ Kxd8 43. Qd1+ Qd4 44. Rd2 $18)) (40. Rdxd2 Qxc3 41. Rxd8+ (41. bxc3 Rxd2 42. Rxd2 Rxg4 $16) 41... Nxd8 $18) 40... Nxd4 41. Rexd2 Rxg4 {[%emt 0:00:08] [#] White must now prevent ...Nf3+.} 42. Kf1 {[%emt 0:00:47] Weighted Error Value: White=0.14 (very precise) /Black=0.26 (precise) .  Mistake:       	White=1     	Black=4      Inaccurate:     	White=1     	Black=2      OK:         	White=17    	Black=13     Best:        	White=2     	Black=1      Strong:       	White=2     	---} 1-0

[Event "4NCL 2023-2024"]
[Site "Daventry"]
[Date "2024.05.04"]
[Round "9.7"]
[White "Weller, Jean-Luc"]
[Black "Turner, Matthew J"]
[Result "0-1"]
[ECO "A17"]
[WhiteElo "2211"]
[BlackElo "2454"]
[Annotator "TA"]
[PlyCount "74"]
[EventDate "2023.11.11"]
[EventType "team-tourn"]
[EventCountry "ENG"]
[SourceTitle "playchess.com"]
[Source "ChessBase"]
[SourceQuality "1"]
[TimeControl "40/6000+30:3000+30"]

1. c4 Nf6 2. Nc3 e6 3. g3 d5 4. Bg2 d4 5. Ne4 Nxe4 6. Bxe4 Be7 7. f4 Nd7 8. Nf3 {[%emt 0:02:16][%cal Oe1g1] Black is slightly better.} Nc5 9. Bb1 O-O 10. b4 Nd7 11. Bb2 Bf6 12. Qc2 g6 13. Bxd4 Bxd4 14. Nxd4 e5 15. Nf3 exf4 16. Qc3 {[%emt 0:00:34] [#]} a5 $1 17. bxa5 (17. b5 fxg3) 17... fxg3 18. hxg3 Qf6 (18... Re8 {keeps more tension.} 19. Bc2 Nf6 20. O-O-O Ng4) 19. Qxf6 Nxf6 20. Nd4 Rxa5 21. Nb3 (21. Nb5 $142) 21... Rg5 $17 22. Kf2 Re8 23. Bd3 (23. a4 $17) 23... Bf5 (23... Ng4+ $19 24. Kg2 Ne5) 24. Bxf5 Rxf5+ (24... gxf5 $6 25. d3 $11) 25. Ke1 Rg5 26. Rg1 Ne4 {[%emt 0:00:00] Black is much more active. The white rooks are passive.} 27. Nd4 (27. d3 $17 {keeps fighting.} Rxg3 (27... Nxg3 28. Kf2 $15) 28. Rxg3 Nxg3 29. Kf2) 27... Rxg3 $19 28. Rxg3 Nxg3 {[%emt 0:00:00][%mdl 4096] Endgame. KRN-KRN} 29. e3 h5 30. c5 h4 31. Nf3 h3 32. Rb1 $2 {[%emt 0:01:17] [#]} (32. Kf2 Ne4+ 33. Ke2) 32... g5 $1 33. Rxb7 (33. c6 bxc6) 33... g4 34. Nh2 f5 {[%emt 0:00:00] ...Ne4 is the strong threat.} 35. Nf1 f4 36. Nxg3 (36. Nh2 $19 fxe3 37. Nxg4) 36... fxg3 37. Rb4 h2 {[%emt 0:00:00] Weighted Error Value: White=0.45/Black=0.24 (precise) .  Mistake:       	White=4     	Black=1      Inaccurate:     	White=2     	Black=1      OK:         	White=14    	Black=11     Best:        	White=3     	Black=4} 0-1

[Event "4NCL 2023-2024"]
[Site "Daventry"]
[Date "2024.05.04"]
[Round "9.8"]
[White "Hunt, Harriet V"]
[Black "Cosman, Andreea-Marioara"]
[Result "1/2-1/2"]
[ECO "B23"]
[WhiteElo "2316"]
[BlackElo "2180"]
[Annotator "TA"]
[PlyCount "159"]
[EventDate "2023.11.11"]
[EventType "team-tourn"]
[EventCountry "ENG"]
[SourceTitle "playchess.com"]
[Source "ChessBase"]
[SourceQuality "1"]
[TimeControl "40/6000+30:3000+30"]

1. e4 c5 2. Nc3 d6 3. f4 Nc6 4. Nf3 g6 5. Bc4 Bg7 6. O-O e6 7. d4 {[%emt 0:02:03] B23: Closed Sicilian: Lines without g3.} cxd4 8. Nb5 Nge7 9. Bb3 O-O 10. Nbxd4 d5 11. e5 Nxd4 12. Nxd4 Nc6 13. Be3 Bd7 14. Qe2 $146 ({Predecessor:} 14. Qd2 Nxd4 15. Bxd4 Qc7 16. Rae1 a5 17. c3 Bb5 18. Rf3 Bc4 19. Bc2 Bxa2 20. g4 f6 21. exf6 Bxf6 22. Rxe6 Bg5 23. Qe1 Qf7 24. Qe5 {1-0 Krzywda,A (2115)-Trybus,D (1889) Poronin Tatra Limba op 2021 (4)}) 14... a6 15. a4 Na5 16. Rfd1 Rc8 17. Qf2 Nc4 18. Bxc4 Rxc4 19. a5 f6 20. exf6 Qxf6 21. c3 e5 22. fxe5 Qxe5 23. Qd2 Qh5 24. Rf1 Rcc8 25. Nf3 Rce8 26. Rae1 Bc6 27. Bc5 Bh6 28. Qf2 Rxe1 29. Rxe1 Rf7 30. Bd4 Bf4 31. Qh4 Qxh4 32. Nxh4 Bb5 33. Nf3 Bd3 34. Be3 Bd6 35. b4 Be4 36. Ng5 Re7 37. Bd2 Be5 38. g3 Bf6 39. Kf2 Rc7 (39... Bf5 $11 {remains equal.}) 40. Nxe4 $16 dxe4 41. Rxe4 Kf7 (41... Bxc3 $2 42. Bxc3 Rxc3 43. Re7) 42. c4 g5 (42... Rd7 $16 43. Ke2 Rd8) 43. g4 ({White should try} 43. h3 $18) 43... Kg6 (43... Rc8 $16 44. Ke2 Rd8) 44. h3 h5 45. Ke2 Rc6 46. c5 hxg4 47. hxg4 Kf7 $2 (47... Rc7 {is a better defense.} 48. Re6 Rc6) 48. Kd3 $18 Rc8 49. Be3 Rh8 (49... Rc6 $142 50. Kc4 Bd8) 50. Bd4 $18 Rd8 51. Kc4 Be7 52. Re5 Rc8 53. Be3 Rg8 54. b5 axb5+ $2 (54... Rg6 55. Bd2 Bd8) 55. Kxb5 $18 Rg6 56. Re4 Ke8 57. Kc4 (57. c6 $142 Rxc6 58. a6 (58. Bxg5 Rc5+ 59. Kb6 Rxg5 $17) 58... Rxa6 59. Bxg5) 57... Kd7 $18 58. Kd5 Ra6 59. Rb4 Kc8 60. Rb5 Bd8 61. Bd2 Rh6 62. Rb1 Rh3 63. Ke4 Rh2 64. Be3 Ra2 65. Rb5 (65. Rd1 $1 $14 {might be stronger.}) 65... Bxa5 $2 (65... Ra3 $11) 66. Bxg5 $18 Kc7 $2 (66... Re2+ 67. Kf3 Ra2) 67. Kd5 $18 Ra4 $2 (67... Bd2) 68. Bf6 $18 b6 (68... Bd2 $142 69. Rb2 Be3) 69. g5 $18 Rg4 70. Rb3 bxc5 71. Rh3 $2 ({White must play} 71. Be5+ $18 Kd8 72. Rb8+ (72. Kxc5 Rxg5 73. Kd4 Rg1 $11) 72... Kd7 73. Rb7+ (73. Kxc5 Rxg5 74. Rb7+ Ke6 $11) 73... Kc8 74. Kc6) 71... Bd2 $11 72. Rh7+ Kb6 73. Bd8+ Ka6 74. Kc6 Ba5 $2 (74... Bxg5 $14 75. Rg7 Bxd8 76. Rxg4 Ka5) 75. Bf6 c4 76. Rh8 Bb6 77. Rh3 $2 (77. Rb8 {mates} Ka5 78. Rxb6 Ka4 79. Kd5 Rg2 80. Kxc4 Rg4+ 81. Kd5 Rg2 82. Ke6) 77... Ba5 $1 $11 78. Rh8 $2 (78. Rh2 $11 c3 79. Rc2) 78... Bb6 $18 79. Rh3 $2 (79. Rb8 $18 {[%cal Of6e7] Intending Be7! and mate.} Ka5 80. Rxb6) 79... Ba5 $1 $11 80. Rh8 1/2-1/2

[Event "4NCL 2023-2024"]
[Site "Daventry"]
[Date "2024.05.04"]
[Round "9.9"]
[White "Svane, Rasmus"]
[Black "Chow, Samuel"]
[Result "1/2-1/2"]
[ECO "E60"]
[WhiteElo "2635"]
[BlackElo "2355"]
[Annotator "TA"]
[PlyCount "48"]
[EventDate "2023.11.11"]
[EventType "team-tourn"]
[EventCountry "ENG"]
[SourceTitle "playchess.com"]
[Source "ChessBase"]
[SourceQuality "1"]
[TimeControl "40/6000+30:3000+30"]

1. Nf3 Nf6 2. d4 g6 3. c4 Bg7 4. e3 O-O 5. Be2 c5 6. d5 e6 7. Nc3 exd5 8. cxd5 {[%emt 0:00:05] White has an edge.} d6 9. Nd2 Na6 10. O-O Nc7 11. e4 Re8 12. a4 b6 13. f3 a6 14. Nc4 Rb8 15. Bf4 $36 {[%emt 0:05:04][%cal Bc1f4,Bf4d6,Bd6c7][%mdl 2080] White is pushing. White is more active.} Nh5 (15... Bf8 $14) 16. Bxd6 $16 b5 17. axb5 axb5 18. Ra7 $1 bxc4 $2 (18... Rb7) 19. Bxc7 $18 Qg5 {[%emt 0:03:22][%cal Oc8h3] ...Bh3! is the strong threat.} 20. f4 (20. Bxc4 Rxb2 21. Ne2 Bh3 $17) 20... Qh4 {[%emt 0:01:14] Hoping for ...Bd4+.} 21. Bxh5 (21. Bxb8 $2 Bd4+ $19) 21... Rxb2 22. Bf3 $2 ({White should play} 22. e5 $18 gxh5 23. Qc1) 22... Bxc3 $11 23. Qa4 $2 {[%emt 0:00:52][%mdl 8192] [#]} (23. Kh1 $1 $11 {and White is okay.}) 23... Bd7 $1 $19 24. Qd1 (24. Qxd7 {leads to mate.} Qf2+ 25. Rxf2 Rb1+) ({Worse is} 24. Qxc4 Bb5 $19 (24... Bd4+ $2 25. Kh1 $19) (24... Bd4+ 25. Kh1 $19)) 24... Bd4+ {[%emt 0:01:09][%mdl 32768] What a bad dream for White.   Weighted Error Value: White=0.67/Black=0.30.  Loses game:     	White=1     	---        Missed win:     	White=1     	---        Mistake:       	---       	Black=2      Inaccurate:     	White=1     	Black=2      OK:         	White=9     	Black=7      Best:        	White=3     	Black=2      Strong:       	White=1     	---        Brilliant:      	---       	Black=1     . An unexpected result.} 1/2-1/2

[Event "4NCL 2023-2024"]
[Site "Daventry"]
[Date "2024.05.04"]
[Round "9.10"]
[White "Townsend, M Paul"]
[Black "Shirov, Alexei"]
[Result "0-1"]
[ECO "A62"]
[WhiteElo "2153"]
[BlackElo "2668"]
[Annotator "TA"]
[PlyCount "116"]
[EventDate "2023.11.11"]
[EventType "team-tourn"]
[EventCountry "ENG"]
[SourceTitle "playchess.com"]
[Source "ChessBase"]
[SourceQuality "1"]
[TimeControl "40/6000+30:3000+30"]

1. d4 Nf6 2. c4 e6 3. g3 c5 4. d5 exd5 5. cxd5 g6 6. Nc3 d6 7. Nf3 Bg7 8. Bg2 O-O 9. O-O Re8 10. Bf4 a6 11. a4 Ne4 12. Nxe4 (12. Ra3 {simplifies} Bg4 13. h3 Nxc3 14. bxc3 Bxf3 15. Bxf3 Be5 16. Bxe5 Rxe5 17. a5) 12... Rxe4 13. Nd2 Rd4 14. Ra3 {[%emt 0:12:26] White is better.} b5 (14... Nd7 $14) 15. axb5 $16 Bb7 {[%emt 0:00:38] [#]} 16. b6 $1 a5 {[%emt 0:13:41][%cal Ob8d7] [#]} (16... Nd7 17. Bxd6) 17. Ra4 ({White should try} 17. Qc2 $1 $16) 17... Rxa4 $11 18. Qxa4 {[%emt 0:00:48] Ne4 is the strong threat.} Nd7 $1 19. Nc4 (19. Bxd6 $2 {loses.} Nxb6 20. Qb5 (20. Qf4 $2 g5 $19) 20... Qxd6 $19) 19... Nxb6 20. Nxb6 Qxb6 21. b3 ({Much worse is} 21. Qd7 Bxb2 22. Bxd6 Rd8 23. Bxc5 Rxd7 $17) 21... Bf6 22. h4 h5 23. Bf3 Qd8 24. Rd1 Bc8 25. Qc6 Ra6 26. Qb5 Qd7 27. Qd3 Rb6 28. Bd2 (28. Rc1 $11 {remains equal.}) 28... a4 29. bxa4 Qxa4 30. Rc1 Bf5 31. e4 Rb3 32. Qc2 Bd7 (32... Bg4 $15 33. Bxg4 hxg4) 33. Bd1 c4 34. Qxc4 Qxc4 35. Rxc4 Rd3 36. Rc2 Ba4 37. Rc8+ Kg7 38. Bxa4 Rxd2 {[%emt 0:00:05][%mdl 4096] Endgame. KRB-KRB} 39. Rc2 Rd4 40. Bb3 Rxe4 41. Kf1 Rb4 42. Bc4 Bd4 43. Ke2 Kf6 44. Kd3 Bc5 45. Ke4 g5 46. hxg5+ Kxg5 47. Kf3 f5 48. Kg2 f4 49. gxf4+ Kxf4 50. Be2 Kg5 51. Bc4 Ra4 52. Rc3 h4 53. Rc2 Ra3 54. Be2 Bd4 55. Rd2 h3+ 56. Kg1 {[%emt 0:00:00] [#]} Be5 {[%emt 0:00:00] Black is more active.} 57. Rd3 Ra2 ({But not} 57... Ra1+ $6 58. Rd1 $11) 58. Re3 $2 (58. Bf3 $17) 58... Ra1+ {[%emt 0:00:00] Weighted Error Value: White=0.27 (precise) /Black=0.10 (very precise) .  Loses game:     	White=1     	---        Mistake:       	White=2     	Black=3      Inaccurate:     	White=4     	Black=2      OK:         	White=19    	Black=16     Best:        	White=3     	Black=6      Strong:       	---       	Black=1} 0-1